 Dungeon Sprint DCSS version 0.17-a0-1646-geb1493d (webtiles) character file.

278833 Kidiri the Unseen (level 12, 33/51 HPs)
             Began as a Spriggan Enchanter on Aug 11, 2015.
             Was the Champion of Dithmenos.
             Escaped with the Orb!
             The game lasted 00:36:48 (4585 turns).

Kidiri the Unseen (Spriggan Enchanter)              Turns: 4585, Time: 00:36:49

Health: 33/51      AC:  6    Str: 14    XL:     12   Next: 84%
Magic:  33/33      EV: 35    Int: 22    God:    Dithmenos [******]
Gold:   2356       SH:  0    Dex: 19    Spells: 16 memorised, 4 levels left

rFire  + . .     SeeInvis +     k - +0 dagger (venom)
rCold  x . .     Clarity  .     l - +2 robe {rF+}
rNeg   . . .     SustAt   +     (shield restricted)
rPois  .         Gourm    .     (helmet restricted)
rElec  .         Spirit   .     (no cloak)
rCorr  .         Warding  .     (gloves unavailable)
rMut   .         NoTele   +     (boots unavailable)
MR     ++...                    b - amulet of regeneration
Stlth  +++.......               e - ring of fire
                                n - ring "Lil Wiohiung" {SustAt *Drain rF- Str+10 Int+3}

@: stone skin, very quick, very resistant to hostile enchantments, fairly
stealthy
A: unfitting armour, see invisible, herbivore 3, speed 3, slow metabolism 2
a: Shadow Step, Shadow Form, Renounce Religion
0: Orb of Zot


You escaped.
You worshipped Dithmenos.
Dithmenos was exalted by your worship.
You were not hungry.

You visited 1 branch You collected 4659 gold pieces.
You spent 2303 gold pieces at shops.

Inventory:

Hand weapons
 k - a +0 dagger of venom (weapon)
 p - the +8 whip of Uminest {venom, rF+ rC+ Int+6}
   (You found it in the Dungeon)

   It poisons the flesh of those it strikes.
   It affects your intelligence (+6).
   It protects you from fire.
   It protects you from cold.
Armour
 l - a +2 robe of fire resistance (worn)
Jewellery
 b - an amulet of regeneration (around neck)
 e - a ring of fire (right hand)
 n - the ring "Lil Wiohiung" (left hand) {SustAt *Drain rF- Str+10 Int+3}
   (You bought it in a shop in the Dungeon)

   [ring of sustain attributes]

   It sustains your strength, intelligence and dexterity.
   It affects your strength (+10).
   It affects your intelligence (+3).
   It makes you vulnerable to fire.
   It causes draining when unequipped.
Magical devices
 a - a wand of magic darts (19)
Scrolls
 j - a scroll of blinking
 m - 3 scrolls of remove curse
 o - a scroll of amnesia
 q - 2 scrolls of fear
 r - a scroll of enchant weapon {unknown}
Potions
 c - 3 potions of curing
 d - 2 potions of resistance
 f - 2 potions of heal wounds
 g - a potion of haste
 h - 2 potions of magic
 i - 2 potions of berserk rage
Books
 s - a book of Geomancy

   Spells                             Type                      Level
   a - Sandblast                      Earth                        1
   b - Stoneskin                      Transmutation/Earth          2
   c - Passwall                       Transmutation/Earth          3
   d - Stone Arrow                    Conjuration/Earth            3
   e - Petrify                        Transmutation/Earth          4
   f - Lee's Rapid Deconstruction     Earth                        5


   Skills:
 + Level 11.2 Short Blades
 * Level 19.3 Dodging
 * Level 20.7 Stealth
 * Level 16.6 Spellcasting
 + Level 7.6 Conjurations
 + Level 12.7 Hexes
 + Level 9.9 Charms
 + Level 9.4 Translocations
 + Level 8.7 Ice Magic
 - Level 8.2 Invocations


You had 4 spell levels left.
You knew the following spells:

 Your Spells              Type           Power        Failure   Level  Hunger
a - Corona                Hex            ######.      1%          1    None
b - Ensorcelled Hibernat  Hex/Ice        ####..       1%          2    None
c - Confuse               Hex            ######..     1%          3    None
d - Tukima's Dance        Hex            ######..     1%          3    None
e - Dazzling Spray        Conj/Hex       ######..     1%          3    None
f - Apportation           Tloc           ######....   1%          1    None
g - Blink                 Tloc           N/A          1%          2    None
h - Shroud of Golubria    Chrm/Tloc      ######....   1%          2    None
i - Portal Projectile     Tloc           ######       1%          3    None
j - Teleport Other        Tloc           ######..     1%          3    None
k - Passage of Golubria   Tloc           N/A          1%          4    None
l - Stone Arrow           Conj/Erth      #####.       1%          3    None
m - Sandblast             Erth           ###...       3%          1    None
n - Stoneskin             Trmt/Erth      ###.....     6%          2    None
o - Passwall              Trmt/Erth      ###.......   12%         3    None
p - Petrify               Trmt/Erth      ###.....     34%         4    None


Dungeon Overview and Level Annotations

Branches:
Dungeon (1/1)

Altars:
Cheibriados
Dithmenos
Elyvilon
Fedhas
Gozag
Kikubaaqudgha
Makhleb
Nemelex Xobeh
Okawaru
Qazlal
Ru
Sif Muna
Trog
Vehumet
Xom
Yredelemnul
Zin
The Shining One
Jiyva

Shops:
D [!!(*[[=[*:(***[=?

Annotations:
D exclusion: oklob plant, Norris, Tiamat


Innate Abilities, Weirdness & Mutations

You are tiny and cannot use many weapons and most armour.
You have supernaturally acute eyesight.
You are a herbivore.
You cover ground extremely quickly.
You need consume almost no food.


Message History

There is an open door here.
There is an open door here.
Really walk into that arrow trap?
An arrow shoots out and hits you!
There is an arrow trap here.
There is an open door here.
Unknown command.
Unknown command.
There is an open door here.
Things that are here:
a scythe; a robe
There is an open door here.
You see here a giant club.
There is an open door here.
There is an open door here.
There is a staircase leading out of the dungeon here.
Wield which item (- for none, * to show all)? (? for menu, Esc to quit)
Okay, then.
Unknown command.
You have escaped!

##################
#@.#..'A.#.)'..#__
#..A..#.)'..#..'^.
#..#####+#####+#__
#..####..#..:#.###
#..#__####..##.#§§
#.[#_..__##+#..+§≈
#⌠⌠#_.∩...+..._#§≈
####_..._##_.#+##+
*,,#_____###+#!#[§


You could see an angel.

Vanquished Creatures
  A golden dragon (D)
  A shadow dragon (D)
  4 fire giants (D)
  A deep elf annihilator (D)
  A lorocyproca (D)
  A hydra (D)
  2 centaur warriors (D)
  Sonja (D)
  A deep troll (D)
  A lindwurm (D)
  7 unseen horrors (D)
  An oklob plant (D)
  A siren (D)
  A gargoyle (D)
  2 kobold demonologists (D)
  A hellwing (D)
  4 demonic crawlers (D)
  A slime creature (D)
  4 trapdoor spiders (D)
  Sigmund (D)
  13 hogs (D)
  A yak (D)
  7 necrophages (D)
  An ogre (D)
  A wasp (D)
  8 jellies (D)
  Ijyb (D)
  3 giant eyeballs (D)
  A ballistomycete (D)
  A giant spore (D)
74 creatures vanquished.

Vanquished Creatures (others)
  A gargoyle (D)
  A giant spore (D)
2 creatures vanquished.

Grand Total: 76 creatures vanquished

Notes
Turn   | Place    | Note
--------------------------------------------------------------
     0 | D        | Kidiri the Spriggan Enchanter began the quest for the Orb.
     0 | D        | Reached XP level 1. HP: 9/9 MP: 5/5
     2 | D        | Noticed Ijyb
    28 | D        | Killed Ijyb
    28 | D        | Reached skill level 5 in Dodging
    28 | D        | Reached skill level 6 in Stealth
    28 | D        | Reached XP level 2. HP: 11/13 MP: 2/8
    83 | D        | Learned a level 2 spell: Ensorcelled Hibernation
    86 | D        | Noticed an ogre
    96 | D        | Killed an ogre
    96 | D        | Reached skill level 7 in Dodging
    96 | D        | Reached skill level 8 in Stealth
    96 | D        | Reached skill level 5 in Hexes
    96 | D        | Reached skill level 1 in Ice Magic
    96 | D        | Reached XP level 3. HP: 16/16 MP: 2/11
    96 | D        | Reached XP level 4. HP: 21/21 MP: 2/13
   101 | D        | Learned a level 3 spell: Confuse
   105 | D        | Learned a level 3 spell: Tukima's Dance
   109 | D        | Learned a level 3 spell: Dazzling Spray
   180 | D        | Noticed Sigmund
   183 | D        | Killed Sigmund
   183 | D        | Reached skill level 10 in Stealth
   183 | D        | Reached skill level 1 in Conjurations
   183 | D        | Reached XP level 5. HP: 24/24 MP: 14/16
   183 | D        | Reached XP level 6. HP: 28/28 MP: 14/17
   214 | D        | Found a snail-covered altar of Cheibriados.
   214 | D        | Found a shadowy altar of Dithmenos.
   214 | D        | Noticed a slime creature
   215 | D        | Found a viscous altar of Jiyva.
   215 | D        | Found a blossoming altar of Fedhas.
   218 | D        | Became a worshipper of Dithmenos the Shadowed
   219 | D        | Killed a slime creature
   219 | D        | Reached skill level 5 in Short Blades
   219 | D        | Reached skill level 11 in Stealth
   219 | D        | Reached skill level 1 in Invocations
   239 | D        | Found a deep blue altar of Sif Muna.
   240 | D        | Noticed a jelly
   241 | D        | Found a radiant altar of Vehumet.
   245 | D        | Killed a jelly
   245 | D        | Reached skill level 10 in Dodging
   287 | D        | Found Pigeish's Distillery.
   287 | D        | Found a white marble altar of Elyvilon.
   287 | D        | Found a stormy altar of Qazlal.
   287 | D        | Found a burning altar of Makhleb.
   287 | D        | Found a sacrificial altar of Ru.
   287 | D        | Found a basalt altar of Yredelemnul.
   287 | D        | Found a glowing golden altar of the Shining One.
   287 | D        | Found a sparkling altar of Nemelex Xobeh.
   287 | D        | Found a shimmering altar of Xom.
   287 | D        | Found an opulent altar of Gozag.
   287 | D        | Found an ancient bone altar of Kikubaaqudgha.
   287 | D        | Found a glowing silver altar of Zin.
   287 | D        | Noticed a yak
   288 | D        | Found an iron altar of Okawaru.
   289 | D        | Killed a yak
   289 | D        | Reached XP level 7. HP: 32/32 MP: 20/20
   290 | D        | Found a bloodstained altar of Trog.
   294 | D        | Bought a potion of curing for 42 gold pieces
   294 | D        | Bought a potion of heal wounds for 70 gold pieces
   294 | D        | Bought a potion of heal wounds for 70 gold pieces
   302 | D        | Noticed Sonja
   306 | D        | Killed Sonja
   306 | D        | Reached skill level 12 in Stealth
   306 | D        | Reached skill level 10 in Spellcasting
   306 | D        | Reached XP level 8. HP: 36/36 MP: 21/23
   323 | D        | Found Wiesh's Antique Armour Boutique.
   331 | D        | Bought a glowing robe for 16 gold pieces
   354 | D        | Noticed a deep troll
   358 | D        | Killed a deep troll
   358 | D        | Reached skill level 13 in Stealth
   374 | D        | Found Wocw's Armour Emporium.
   379 | D        | Killed a gargoyle
   404 | D        | Noticed a centaur warrior
   404 | D        | Noticed a centaur warrior
   414 | D        | Killed a centaur warrior
   414 | D        | Acquired Dithmenos's first power
   414 | D        | Reached skill level 14 in Stealth
   414 | D        | Reached skill level 5 in Ice Magic
   414 | D        | Reached skill level 5 in Invocations
   414 | D        | Reached XP level 9. HP: 34/39 MP: 15/25
   431 | D        | Killed a centaur warrior
   431 | D        | Reached skill level 15 in Stealth
   627 | D        | Noticed a wasp
   630 | D        | Killed a wasp
   645 | D        | Noticed an oklob plant
   647 | D        | Killed an oklob plant
   654 | D        | Noticed a trapdoor spider
   655 | D        | Noticed a trapdoor spider
   656 | D        | Killed a trapdoor spider
   660 | D        | Noticed a trapdoor spider
   663 | D        | Killed a trapdoor spider
   663 | D        | Acquired Dithmenos's second power
   671 | D        | Noticed a trapdoor spider
   672 | D        | Killed a trapdoor spider
   672 | D        | Reached XP level 10. HP: 44/44 MP: 20/27
   679 | D        | Killed a trapdoor spider
   679 | D        | Reached skill level 5 in Conjurations
   731 | D        | Noticed an unseen horror
   731 | D        | Noticed an unseen horror
   738 | D        | Killed an unseen horror
   738 | D        | Reached skill level 16 in Stealth
   752 | D        | Killed an unseen horror
   752 | D        | Reached skill level 10 in Hexes
   775 | D        | Noticed a jelly
   775 | D        | Noticed a jelly
   777 | D        | Acquired Dithmenos's third power
   794 | D        | Noticed a jelly
   794 | D        | Noticed a jelly
   794 | D        | Noticed a jelly
   794 | D        | Noticed a jelly
   794 | D        | Noticed a jelly
   797 | D        | Noticed a necrophage
   797 | D        | Noticed a necrophage
   800 | D        | Killed a jelly
   800 | D        | Reached skill level 15 in Dodging
   805 | D        | Killed a jelly
   807 | D        | Killed a jelly
   809 | D        | Killed a jelly
   861 | D        | Killed a jelly
   862 | D        | Noticed a necrophage
   863 | D        | Killed a jelly
   863 | D        | Acquired Dithmenos's fourth power
   864 | D        | Noticed a necrophage
   864 | D        | Noticed a necrophage
   865 | D        | Killed a jelly
   868 | D        | Noticed a necrophage
   868 | D        | Noticed a necrophage
   870 | D        | Killed a necrophage
   872 | D        | Killed a necrophage
   876 | D        | Killed a necrophage
   876 | D        | Killed a necrophage
   880 | D        | Killed a necrophage
   880 | D        | Killed a necrophage
   880 | D        | Killed a necrophage
   981 | D        | Found Dotal's Weapon Shoppe.
   981 | D        | Found Catefiwa's Distillery.
   981 | D        | Found Vuosch's General Store.
   983 | D        | Found Saabu's Armour Emporium.
   983 | D        | Found Rusepn's Antique Armour Shop.
   983 | D        | Found Niwoq's Jewellery Shoppe.
   983 | D        | Found Enuir's Armour Boutique.
   983 | D        | Found Ixtioj's General Store.
   983 | D        | Found Xedaf's Book Shop.
   983 | D        | Found Lathriuby's Weapon Shoppe.
   987 | D        | Bought a scroll of magic mapping for 45 gold pieces
   987 | D        | Bought a scroll of identify for 26 gold pieces
   992 | D        | Found Wueleex's Assorted Antiques.
   993 | D        | Found Giurchunto's Assorted Antiques.
   993 | D        | Found Wizekkew's Assorted Antiques.
   994 | D        | Found Tiritt's Jewellery Emporium.
  1001 | D        | Bought a scroll of identify for 50 gold pieces
  1001 | D        | Bought a scroll of identify for 50 gold pieces
  1011 | D        | Bought the ring "Lil Wiohiung" {SustAt *Drain rF- Str+10 Int+3} for 509 gold pieces
  1015 | D        | Bought a book of Spatial Translocations for 715 gold pieces
  1017 | D        | Learned a level 1 spell: Apportation
  1020 | D        | Learned a level 2 spell: Blink
  1023 | D        | Learned a level 2 spell: Shroud of Golubria
  1027 | D        | Learned a level 3 spell: Portal Projectile
  1031 | D        | Learned a level 3 spell: Teleport Other
  1036 | D        | Learned a level 4 spell: Passage of Golubria
  1124 | D        | Noticed a kobold demonologist
  1125 | D        | Noticed a kobold demonologist
  1126 | D        | Killed a kobold demonologist
  1126 | D        | Reached skill level 1 in Charms
  1129 | D        | Killed a kobold demonologist
  1129 | D        | Reached skill level 1 in Translocations
  1150 | D        | Noticed a demonic crawler
  1150 | D        | Noticed a demonic crawler
  1150 | D        | Noticed a demonic crawler
  1150 | D        | Noticed a demonic crawler
  1168 | D        | Killed a demonic crawler
  1307 | D        | Killed a demonic crawler
  1307 | D        | Reached skill level 17 in Stealth
  1316 | D        | Killed a demonic crawler
  1318 | D        | Killed a demonic crawler
  1456 | D        | Noticed a lindwurm
  1458 | D        | Killed a lindwurm
  1458 | D        | Reached XP level 11. HP: 45/45 MP: 29/29
  1465 | D        | Noticed a hog
  1465 | D        | Noticed a hog
  1465 | D        | Noticed a hog
  1465 | D        | Noticed a hog
  1465 | D        | Noticed a hog
  1466 | D        | Noticed a hog
  1467 | D        | Noticed a hog
  1467 | D        | Killed a hog
  1468 | D        | Noticed a hog
  1468 | D        | Noticed a hog
  1468 | D        | Noticed a hog
  1468 | D        | Noticed a hog
  1468 | D        | Killed a hog
  1469 | D        | Noticed a hog
  1470 | D        | Killed a hog
  1471 | D        | Killed a hog
  1473 | D        | Killed a hog
  1480 | D        | Killed a hog
  1483 | D        | Noticed a hog
  1483 | D        | Killed a hog
  1496 | D        | Killed a hog
  1503 | D        | Killed a hog
  1505 | D        | Killed a hog
  1762 | D        | Killed a hog
  1769 | D        | Killed a hog
  1771 | D        | Killed a hog
  1771 | D        | Reached skill level 5 in Charms
  1911 | D        | Noticed a 12-headed hydra
  1913 | D        | Killed a 12-headed hydra
  1956 | D        | Noticed a gargoyle
  1958 | D        | Killed a gargoyle
  1958 | D        | Reached skill level 18 in Stealth
  2110 | D        | Noticed Norris
  2111 | D        | Noticed a lorocyproca
  2237 | D        | Killed a lorocyproca
  2237 | D        | Reached skill level 5 in Translocations
  3454 | D        | Noticed a daeva
  3457 | D        | Noticed an unseen horror
  3457 | D        | Noticed an unseen horror
  3457 | D        | Noticed an unseen horror
  3458 | D        | Noticed an unseen horror
  3460 | D        | Killed an unseen horror
  3461 | D        | Noticed an unseen horror
  3462 | D        | Killed an unseen horror
  3463 | D        | Killed an unseen horror
  3465 | D        | Killed an unseen horror
  3467 | D        | Killed an unseen horror
  3467 | D        | Reached skill level 10 in Short Blades
  3467 | D        | Reached skill level 15 in Spellcasting
  3475 | D        | Noticed a fire giant
  3476 | D        | Noticed a fire giant
  3476 | D        | Noticed a fire giant
  3476 | D        | Noticed a fire giant
  3477 | D        | Killed a fire giant
  3477 | D        | Reached skill level 19 in Stealth
  3479 | D        | Killed a fire giant
  3479 | D        | Reached XP level 12. HP: 51/51 MP: 23/32
  3495 | D        | Killed a fire giant
  3504 | D        | Killed a fire giant
  3925 | D        | Bought an uncursed ring of fire for 325 gold pieces
  4074 | D        | Got a translucent whip
  4075 | D        | Identified the +8 whip of Uminest {venom, rF+ rC+ Int+6} (You found it in the Dungeon)
  4077 | D        | Noticed a shadow dragon
  4077 | D        | Noticed a golden dragon
  4079 | D        | Killed a golden dragon
  4079 | D        | Reached skill level 20 in Stealth
  4081 | D        | Killed a shadow dragon
  4093 | D        | Found Daje's Magic Scroll Shoppe.
  4256 | D        | Bought a book of Geomancy for 385 gold pieces
  4260 | D        | Learned a level 3 spell: Stone Arrow
  4262 | D        | Learned a level 1 spell: Sandblast
  4265 | D        | Learned a level 2 spell: Stoneskin
  4269 | D        | Learned a level 3 spell: Passwall
  4274 | D        | Learned a level 4 spell: Petrify
  4412 | D        | Noticed a hellwing
  4412 | D        | Noticed a siren
  4412 | D        | Noticed a deep elf annihilator
  4412 | D        | Noticed an oklob plant
  4412 | D        | Noticed a mummy priest
  4412 | D        | Noticed a siren
  4412 | D        | Noticed a wasp
  4412 | D        | Noticed a wasp
  4412 | D        | Killed a deep elf annihilator
  4413 | D        | Killed a hellwing
  4414 | D        | Noticed a wasp
  4414 | D        | Noticed a wasp
  4415 | D        | Killed a siren
  4468 | D        | Noticed Tiamat
  4505 | D        | Got the Orb of Zot
  4543 | D        | Noticed an angel
  4585 | D        | Escaped with the Orb!

Vault maps used:
D:        dungeon_sprint_1

Action                   |  1- 3 |  4- 6 |  7- 9 | 10-12 || total
-------------------------+-------+-------+-------+-------++-------
Melee: Dagger            |    16 |     4 |    30 |   116 ||   166
 Fire: Shortbow          |       |       |     1 |       ||     1
 Cast: Corona            |     3 |       |       |       ||     3
       Ensorcelled Hiber |     3 |       |     8 |    10 ||    21
       Dazzling Spray    |       |       |     1 |    26 ||    27
       Confuse           |       |       |     2 |    11 ||    13
       Passage of Golubr |       |       |       |     3 ||     3
       Blink             |       |       |       |     1 ||     1
       Passwall          |       |       |       |     1 ||     1
       Stoneskin         |       |       |       |     1 ||     1
Invok: Shadow Step       |       |       |       |     6 ||     6
  Use: Potion            |     1 |       |       |     4 ||     5
       Scroll            |       |       |       |     8 ||     8
 Stab: Sleeping          |     3 |     4 |     8 |    39 ||    54
       Confused          |       |       |     2 |     6 ||     8
       Invisible         |       |       |       |     8 ||     8
  Eat: Bread ration      |       |       |       |     1 ||     1
